 Dungeon Crawl Stone Soup version 0.15.2 (webtiles) character file.

341 MuhBandages the Ruffian (level 6, -2/47 HPs)
             Began as a Mummy Monk on Nov 3, 2015.
             Slain by Menkaure (14 damage)
             ... on Level 4 of the Dungeon.
             The game lasted 00:09:35 (5954 turns).

MuhBandages the Ruffian (Mummy Monk)                Turns: 5954, Time: 00:09:35

HP  -2/47        AC  1     Str 16      XL: 6   Next: 30%
MP   6/6         EV 16     Int  9      God:
Gold 155         SH  0     Dex 14      Spells:  0 memorised,  5 levels left

rFire  x . .     SeeInvis .       - Unarmed
rCold  + . .     Clarity  .     (no armour)
rNeg   + + +     rCorr    .     (no shield)
rPois  +         rRot     +     (no helmet)
rElec  .         Spirit   .     c - +0 cloak
SustAb .         Warding  .     (no gloves)
rMut   .         Stasis   .     (no boots)
Gourm  .                        (no amulet)
MR     .....                    (no ring)
                                k - +3 ring of evasion

@: not resistant to hostile enchantments, unstealthy
A: no food or potions, fire vulnerability, restore body, cold resistance 1,
negative energy resistance 3, poison resistance, torment resistance, unbreathing
a: no special abilities


You were on level 4 of the Dungeon.
You were not hungry.

You visited 1 branch of the dungeon, and saw 4 of its levels.

You collected 155 gold pieces.


Innate Abilities, Weirdness & Mutations

You do not eat or drink.
Your flesh is vulnerable to fire.
Your flesh is cold resistant.
You are immune to negative energy.
Your system is resistant to poisons.
You are immune to unholy pain and torment.
You can survive without breathing.


   Skills:
 - Level 3.0 Fighting
 - Level 2.4 Dodging
 - Level 1.5 Stealth
 + Level 6.3 Unarmed Combat


You had 5 spell levels left.
You didn't know any spells.

Inventory:

Armour
 c - a +0 cloak (worn)
Comestibles
 d - a beef jerky
 f - 5 fruits (quivered)
Scrolls
 a - a scroll of immolation {!r}
 e - a scroll of identify
 g - 3 scrolls of noise {!r}
 i - a scroll of magic mapping
 j - 3 scrolls of teleportation
Jewellery
 b - an uncursed ring of ice
 h - an uncursed ring of ice
 k - a +3 ring of evasion (left hand)
 l - an uncursed ring of teleportation

Dungeon Overview and Level Annotations

Branches:
Dungeon (4/15)
 Temple: D:4-7

Altars:
Xom

Annotations:
D:4 Menkaure

... #.# ##.# #.# #.># #.#
#.## #.# #.# #.# #.# ##..
#.# ####<..
#M###########.##...
##########.@...........###.#
...........................#
############################


You could see Menkaure.


Message History

Menkaure barely misses you.
You barely miss Menkaure.
Menkaure is lightly damaged.
Menkaure misses you.
You barely miss Menkaure.
Menkaure is lightly damaged.
Menkaure hits you!!
You hit Menkaure but do no damage.
Menkaure is lightly damaged.
Menkaure barely misses you.
You punch Menkaure!
Menkaure is heavily damaged.
Menkaure hits you!
* * * LOW HITPOINT WARNING * * *
You are too injured to fight recklessly!
You are too injured to fight recklessly!
You are too injured to fight recklessly!
You are too injured to fight recklessly!
You are too injured to fight recklessly!
You hit Menkaure but do no damage.
Menkaure is heavily damaged.
Menkaure closely misses you.
You punch Menkaure!
Menkaure is almost destroyed.
Menkaure gestures at you while chanting.
You struggle to resist.
You hit Menkaure.
Menkaure is almost destroyed.
Menkaure barely misses you. Menkaure hits you!
You die...

Action                   |  1- 3 |  4- 6 || total
-------------------------+-------+-------++-------
Melee: Unarmed           |   142 |   261 ||   403
  Use: Scroll            |     1 |     6 ||     7
 Stab: Sleeping          |     7 |     3 ||    10

Vault maps used:
D:1:      matt_arrival_los_fun, minmay_rat_gold_closets
D:3:      minivault_4, led_xom_imps, uniq_jessica
D:4:      gammafunk_temple_overflow_elements, first_bread, uniq_menkaure,
          uniq_duvessa

Notes
Turn   | Place    | Note
--------------------------------------------------------------
     0 | D:1      | MuhBandages, the Mummy Monk, began the quest for the Orb.
     0 | D:1      | Reached XP level 1. HP: 18/18 MP: 1/1
   453 | D:1      | Reached XP level 2. HP: 20/24 MP: 2/2
   858 | D:1      | FistofTheNorthNile: PURE
   917 | D:1      | MuhBandages: IT IS THE ONLY WAY
   917 | D:1      | FistofTheNorthNile: I APPROVE.
   998 | D:1      | FistofTheNorthNile: how do you change your sprite, anyway?
  1053 | D:1      | Reached skill level 4 in Unarmed Combat
  1341 | D:1      | MuhBandages: idk
  1341 | D:1      | MuhBandages: i copied dicks rc
  1341 | D:1      | FistofTheNorthNile: Oh,that's actually a good idea.
  1341 | D:1      | MuhBandages: hehe
  1385 | D:1      | FistofTheNorthNile: I saw your boots yesterday, wonderful job
  1409 | D:1      | Reached XP level 3. HP: 18/29 MP: 3/3
  1413 | D:1      | FistofTheNorthNile: well, I'm off MuMoing again, good luck
  2314 | D:2      | Reached XP level 4. HP: 4/35 MP: 4/4
  2982 | D:2      | Reached skill level 5 in Unarmed Combat
  3769 | D:2      | Reached XP level 5. HP: 18/41 MP: 5/5
  4293 | D:3      | Noticed Jessica
  4845 | D:3      | Found a shimmering altar of Xom.
  5089 | D:3      | Killed Jessica
  5089 | D:3      | Reached skill level 6 in Unarmed Combat
  5201 | D:3      | Reached XP level 6. HP: 33/47 MP: 6/6
  5929 | D:4      | Noticed Menkaure
  5954 | D:4      | Slain by Menkaure

Vanquished Creatures
  4 crimson imps (D:3)
  Jessica (D:3)
  9 adders
  4 worms (D:2)
  3 giant geckos
  3 oozes
  A ball python (D:2)
  8 bats
  3 giant cockroaches
  12 goblins
  8 hobgoblins
  8 kobolds
  2 quokkas
  6 giant newts
  17 rats
89 creatures vanquished.
